Crunch vs Comets

Created - February 24, 2024 at 19:26

Goals
1 2 3 OT1 T
Crunch 1 1 1 0 3
Comets 1 1 1 1 4
Shots
1 2 3 OT1 T
Crunch 16 7 11 0 34
Comets 4 6 14 5 29

1st period

1. Crunch , Brandon Hagel 30 (Jordan Oesterle 20) at 0:09
2. Comets , Jean-Sebastien Dea 16 (Trevor Moore 12, Tyler Graovac 15) at 8:24

Penalties :
Adam Ollas-Mattsson (Uti) for Hooking (Minor) at 11:07

2nd period

3. Comets , Nicolas Petan 25 (Adam Ollas-Mattsson 9) at 4:41
4. Crunch , Tom Kuhnhackl 2 (Axel Holmstrom 34, Brandon Hagel 24) at 14:54

Penalties :
Casey DeSmith (Uti) for Slashing (Double Minor) at 8:18 - Juho Lammikko served the penalty, Ryan Lomberg (Uti) for Hooking (Minor) at 16:23

3rd period

5. Comets , Daniel Zaar 27 (Nicolas Petan 54, Ryan Lomberg 32) at 11:06
6. Crunch , Jeremy Bracco 25 (Maxime Comtois 22, Liam O'Brien 9) at 18:38

Penalties :
Jordan Oesterle (Syr) for Hooking (Minor) at 4:31, Juho Lammikko (Uti) for Hooking (Minor) at 11:11, Axel Holmstrom (Syr) for Cross-checking (Minor) at 15:58, Axel Holmstrom (Syr) for Hooking (Minor) at 19:32

Overtime #1

7. Comets , Ryan Lomberg 31 (Phil Di Giuseppe 19) at 2:36

Penalties :
No Penalty

Goalie Stats

Louis Domingue (Syr), 25 saves from 29 shots - (0.862), OTL, 12-9-6, 62:36 minutes
Casey DeSmith (Uti), 31 saves from 34 shots - (0.912), W, 5-6-2, 62:36 minutes

Players Stats for Crunch

Player Name              G  A  P  +/- PIM S  H  SB GA TA FO     MP     PP MP  PK MP  
------------------------------------------------------------------------------------
Anatoli Golyshev         0  0  0  -1  0   2  0  0  0  0  0/0    12:10   0:00   0:00 
Axel Holmstrom           0  1  1   1  4   4  1  1  0  0  17/35  20:34   5:21   0:24 
Beck Malenstyn           0  0  0   0  0   0  0  0  0  0  0/0     1:20   0:00   1:20 
Blake Hillman            0  0  0   0  0   0  0  0  0  0  0/0     4:27   0:00   0:00 
Blake Lizotte            0  0  0  -2  0   3  0  0  0  0  2/3     7:42   0:00   0:13 
Brandon Biro             0  0  0  -2  0   0  1  0  0  0  0/1     7:52   0:23   0:00 
Brandon Hagel            1  1  2   2  0   5  2  0  0  1  1/7    23:30   5:21   3:31 
Cam Hillis               0  0  0   0  0   0  0  0  0  0  0/0     0:55   0:52   0:00 
Connor Bunnaman          0  0  0   1  0   0  1  0  0  0  5/10   15:10   3:33   0:00 
Dalton Thrower           0  0  0   1  0   0  1  0  0  1  0/0    26:24   5:32   3:27 
Gustav Lindstrom         0  0  0   0  0   0  1  1  0  0  0/0    10:23   0:25   0:00 
Jeremy Bracco            1  0  1   1  0   5  2  0  2  0  0/1    16:46   3:30   1:02 
Jordan Oesterle          0  1  1   0  2   4  3  0  0  0  0/0    25:09   5:32   2:19 
Liam Foudy               0  0  0   0  0   0  0  0  0  0  0/0     0:58   0:58   0:00 
Liam O'Brien             0  1  1  -1  0   0  0  0  1  0  4/6    12:10   0:00   0:00 
Maxime Comtois           0  1  1   0  0   5  0  0  0  0  0/2    16:18   3:30   1:05 
Michael Downing          0  0  0   0  0   0  0  0  0  0  0/0     5:05   0:25   0:13 
Robert Thomas            0  0  0  -1  0   2  1  0  1  0  0/0    12:58   0:48   0:00 
Ryan Lindgren            0  0  0  -1  0   0  1  2  0  0  0/0    21:07   3:59   2:30 
Scott Perunovich         0  0  0   0  0   0  1  0  0  0  0/0    10:53   0:00   0:55 
Sean Walker              0  0  0  -1  0   1  3  1  0  0  0/0    21:07   3:59   2:30 
Tom Kuhnhackl            1  0  1   2  0   3  1  0  0  2  0/0    23:19   5:32   2:47 
Ty Dellandrea            0  0  0  -2  0   0  2  0  0  0  0/0     7:29   0:00   0:00 

Players Stats for Comets

Player Name              G  A  P  +/- PIM S  H  SB GA TA FO     MP     PP MP  PK MP  
------------------------------------------------------------------------------------
Adam Ollas-Mattsson      0  1  1   3  2   2  0  0  0  0  0/0    21:12   1:21   3:02 
Curtis Lazar             0  0  0   0  0   0  0  1  0  0  0/0     0:45   0:00   0:00 
Dan Renouf               0  0  0   3  0   1  0  2  0  0  0/0    21:37   1:21   4:04 
Daniel Zaar              1  0  1   2  0   4  3  0  2  0  5/10   25:16   2:42   4:58 
Daniil Miromanov         0  0  0  -1  0   0  0  0  0  1  0/0    13:21   0:00   1:35 
Guillaume Brisebois      0  0  0  -1  0   0  0  0  0  0  0/0    12:19   0:00   0:33 
Jean-Sebastien Dea       1  0  1  -1  0   2  0  1  0  0  5/13   15:19   1:43   0:00 
Juho Lammikko            0  0  0  -1  2   3  1  0  1  0  1/1    17:35   1:20   0:00 
Juuso Riikola            0  0  0  -1  0   0  2  1  0  0  0/0    28:33   3:04   5:19 
Lane Pederson            0  0  0   0  0   0  1  0  0  1  1/4    11:06   0:00   2:19 
Mackenzie MacEachern     0  0  0   1  0   3  1  0  0  0  0/0    15:18   0:00   3:56 
Nicolas Petan            1  1  2   1  0   4  1  2  0  1  17/26  20:55   2:39   3:23 
Phil Di Giuseppe         0  1  1  -1  0   3  0  1  0  0  2/2    16:37   1:43   1:15 
Ryan Lomberg             1  1  2   2  2   6  3  0  1  1  1/3    22:41   2:39   3:38 
Scott Harrington         0  0  0  -2  0   1  1  1  0  0  0/0    28:38   3:04   5:19 
Trevor Moore             0  1  1  -1  0   0  1  0  0  0  0/1    11:16   0:29   0:15 
Tyler Graovac            0  1  1   0  0   0  2  0  0  0  4/5     8:09   0:00   0:08 
William Lockwood         0  0  0   0  0   0  1  0  0  0  0/0     8:52   0:00   0:00 

3 Stars

1 - Brandon Hagel (Syr)
2 - Nicolas Petan (Uti)
3 - Ryan Lomberg (Uti)

Power Play

Crunch - 0 on 4 Attempt(s) - 0.00%
Comets - 0 on 3 Attempt(s) - 0.00%

Penalty Kill

Crunch - 3 on 3 Attempt(s) - 100.00% - Score 0 goal in Penalty Kill
Comets - 4 on 4 Attempt(s) - 100.00% - Score 0 goal in Penalty Kill

Team Stat

Crunch - Hits : 21 - Faceoff Wins : 29 - Blocked Shots : 5 - Penalty Minutes : 6
Comets - Hits : 17 - Faceoff Wins : 36 - Blocked Shots : 9 - Penalty Minutes : 10

Official

Referees : Dan Kelly and Peter MacDougall
Linesman : Matt MacPherson and Tony Sericolo

Game Notes

Curtis Lazar is injured at 4:07 of 1st period (Right Knee)

Finance

Level 1 -- Attendance: 2000 (100.00%) -- Ticket Income $140,000
Level 2 -- Attendance: 901 (90.10%) -- Ticket Income $36,040
Total Attendance: 2901 (96.70%)
Total Ticket Income: $176,040
Other Income: $8,802
Total Income: $184,842

Crunch

5 vs 5 Forward 
   Center                   Left Wing                Right Wing               Time % Phy DF OF 
 1 Axel Holmstrom           Brandon Hagel            Tom Kuhnhackl            40     1   2  2  
 2 Connor Bunnaman          Maxime Comtois           Jeremy Bracco            30     1   2  2  
 3 Liam O'Brien             Anatoli Golyshev         Robert Thomas            20     1   2  2  
 4 Blake Lizotte            Brandon Biro             Ty Dellandrea            10     1   2  2  

5 vs 5 Defense 
   Defense                  Defense                                           Time % Phy DF OF 
 1 Dalton Thrower           Jordan Oesterle                                   40     1   2  2  
 2 Sean Walker              Ryan Lindgren                                     30     1   2  2  
 3 Gustav Lindstrom         Scott Perunovich                                  20     1   2  2  
 4 Michael Downing          Blake Hillman                                     10     1   2  2  

PowerPlay Forward 
   Center                   Left Wing                Right Wing               Time % Phy DF OF 
 1 Axel Holmstrom           Brandon Hagel            Tom Kuhnhackl            60     1   2  2  
 2 Connor Bunnaman          Maxime Comtois           Jeremy Bracco            40     1   2  2  

PowerPlay Defense
   Defense                  Defense                                           Time % Phy DF OF 
 1 Dalton Thrower           Jordan Oesterle                                   60     1   2  2  
 2 Sean Walker              Ryan Lindgren                                     40     1   2  2  

Penalty Kill 4 Players Forward 
   Center                   Wing                     Time % Phy DF OF 
 1 Brandon Hagel            Tom Kuhnhackl            60     1   2  2  
 2 Jeremy Bracco            Axel Holmstrom           40     1   2  2  

Penalty Kill 4 Players Defense
   Defense                  Defense                  Time % Phy DF OF 
 1 Dalton Thrower           Jordan Oesterle          60     1   2  2  
 2 Sean Walker              Ryan Lindgren            40     1   2  2  

Penalty Kill - 3 Players Forward 
   Forward                                           Time % Phy DF OF 
 1 Brandon Hagel                                     60     1   2  2  
 2 Tom Kuhnhackl                                     40     1   2  2  

Penalty Kill - 3 Players Defense
   Defense                  Defense                  Time % Phy DF OF 
 1 Dalton Thrower           Jordan Oesterle          60     1   2  2  
 2 Sean Walker              Ryan Lindgren            40     1   2  2  

4 vs 4 Forward 
   Center                   Wing                     Time % Phy DF OF 
 1 Brandon Hagel            Tom Kuhnhackl            60     1   2  2  
 2 Jeremy Bracco            Axel Holmstrom           40     1   2  2  

4 vs 4 Defense
   Defense                  Defense                  Time % Phy DF OF 
 1 Dalton Thrower           Jordan Oesterle          60     1   2  2  
 2 Sean Walker              Ryan Lindgren            40     1   2  2  

Last Minutes Offensive
   Center                   Left Wing                Right Wing               Defense                  Defense                  
   Axel Holmstrom           Brandon Hagel            Tom Kuhnhackl            Dalton Thrower           Jordan Oesterle          

Last Minutes Defensive
   Center                   Left Wing                Right Wing               Defense                  Defense                  
   Axel Holmstrom           Brandon Hagel            Tom Kuhnhackl            Dalton Thrower           Jordan Oesterle          

Goaltenders
Starting : Louis Domingue           
Backup : Kaapo Kahkonen           

Extra Forwards
Normal : Liam Foudy, Cam Hillis, Beck Malenstyn - PP : Liam Foudy, Cam Hillis - PK : Beck Malenstyn
Extra Defensemen
Normal : Gustav Lindstrom, Scott Perunovich, Michael Downing - PP : Gustav Lindstrom - PK : Scott Perunovich, Michael Downing
Penalty Shots
Brandon Hagel, Tom Kuhnhackl, Jeremy Bracco, Axel Holmstrom, Maxime Comtois
Custom OT Lines Forwards
Brandon Hagel, Tom Kuhnhackl, Jeremy Bracco, Axel Holmstrom, Maxime Comtois, Robert Thomas, Anatoli Golyshev, Connor Bunnaman, Liam O'Brien, Brandon Biro
Custom OT Lines Defensemen
Dalton Thrower, Jordan Oesterle, Sean Walker, Ryan Lindgren, Gustav Lindstrom

Scratches
Joe Veleno (Fractured Left Foot Injury), Lukas Dostal (Healthy), Josef Korenar (Healthy)

Comets

5 vs 5 Forward 
   Center                   Left Wing                Right Wing               Time % Phy DF OF 
 1 Nicolas Petan            Ryan Lomberg             Daniel Zaar              40     1   2  2  
 2 Jean-Sebastien Dea       Phil Di Giuseppe         Curtis Lazar             30     1   2  2  
 3 Tyler Graovac            Trevor Moore             Juho Lammikko            20     1   2  2  
 4 Lane Pederson            Mackenzie MacEachern     William Lockwood         10     1   2  2  

5 vs 5 Defense 
   Defense                  Defense                                           Time % Phy DF OF 
 1 Scott Harrington         Juuso Riikola                                     40     1   2  2  
 2 Dan Renouf               Adam Ollas-Mattsson                               30     1   2  2  
 3 Guillaume Brisebois      Daniil Miromanov                                  20     1   2  2  
 4 Scott Harrington         Juuso Riikola                                     10     1   2  2  

PowerPlay Forward 
   Center                   Left Wing                Right Wing               Time % Phy DF OF 
 1 Nicolas Petan            Ryan Lomberg             Daniel Zaar              60     1   2  2  
 2 Jean-Sebastien Dea       Phil Di Giuseppe         Curtis Lazar             40     1   2  2  

PowerPlay Defense
   Defense                  Defense                                           Time % Phy DF OF 
 1 Scott Harrington         Juuso Riikola                                     60     1   2  2  
 2 Dan Renouf               Adam Ollas-Mattsson                               40     1   2  2  

Penalty Kill 4 Players Forward 
   Center                   Wing                     Time % Phy DF OF 
 1 Daniel Zaar              Ryan Lomberg             60     1   2  2  
 2 Curtis Lazar             Nicolas Petan            40     1   2  2  

Penalty Kill 4 Players Defense
   Defense                  Defense                  Time % Phy DF OF 
 1 Scott Harrington         Juuso Riikola            60     1   2  2  
 2 Dan Renouf               Adam Ollas-Mattsson      40     1   2  2  

Penalty Kill - 3 Players Forward 
   Forward                                           Time % Phy DF OF 
 1 Daniel Zaar                                       60     1   2  2  
 2 Ryan Lomberg                                      40     1   2  2  

Penalty Kill - 3 Players Defense
   Defense                  Defense                  Time % Phy DF OF 
 1 Scott Harrington         Juuso Riikola            60     1   2  2  
 2 Dan Renouf               Adam Ollas-Mattsson      40     1   2  2  

4 vs 4 Forward 
   Center                   Wing                     Time % Phy DF OF 
 1 Daniel Zaar              Ryan Lomberg             60     1   2  2  
 2 Curtis Lazar             Nicolas Petan            40     1   2  2  

4 vs 4 Defense
   Defense                  Defense                  Time % Phy DF OF 
 1 Scott Harrington         Juuso Riikola            60     1   2  2  
 2 Dan Renouf               Adam Ollas-Mattsson      40     1   2  2  

Last Minutes Offensive
   Center                   Left Wing                Right Wing               Defense                  Defense                  
   Nicolas Petan            Ryan Lomberg             Daniel Zaar              Scott Harrington         Juuso Riikola            

Last Minutes Defensive
   Center                   Left Wing                Right Wing               Defense                  Defense                  
   Nicolas Petan            Ryan Lomberg             Daniel Zaar              Scott Harrington         Juuso Riikola            

Goaltenders
Starting : Casey DeSmith            
Backup : Thatcher Demko           

Extra Forwards
Normal : Juho Lammikko, Trevor Moore, Mackenzie MacEachern - PP : Juho Lammikko, Trevor Moore - PK : Mackenzie MacEachern
Extra Defensemen
Normal : Guillaume Brisebois, Daniil Miromanov, Dan Renouf - PP : Guillaume Brisebois - PK : Daniil Miromanov, Dan Renouf
Penalty Shots
Daniel Zaar, Ryan Lomberg, Curtis Lazar, Nicolas Petan, Jean-Sebastien Dea
Custom OT Lines Forwards
Daniel Zaar, Ryan Lomberg, Curtis Lazar, Nicolas Petan, Jean-Sebastien Dea, Juho Lammikko, Phil Di Giuseppe, Trevor Moore, Mackenzie MacEachern, Tyler Graovac
Custom OT Lines Defensemen
Scott Harrington, Juuso Riikola, Dan Renouf, Adam Ollas-Mattsson, Guillaume Brisebois

Scratches
Anton Zlobin (Healthy), Charles Hudon (Healthy), Jaret Anderson-Dolan (Healthy), Brandon Saigeon (Healthy), Jay O'Brien (Healthy)
Michael Joly (Healthy), Jack Rathbone (Healthy), Michael Kesselring (Healthy), William Lagesson (Groin Injury), Rasmus Asplund (Healthy)
Marek Langhamer (Healthy), Michael Dipietro (Healthy)

% Time on Ice - Crunch

Lines # - Real PCT - Wanted PCT - Time Play
Normal Forward
1 - 31% - 40% - 14:21
2 - 26% - 30% - 11:39
3 - 27% - 20% - 12:10
4 - 16% - 10% - 7:29
Normal Defense
1 - 37% - 40% - 17:02
2 - 31% - 30% - 14:12
3 - 22% - 20% - 9:58
4 - 10% - 10% - 4:27
PP Forward
1 - 62% - 60% - 6:07
2 - 38% - 40% - 3:49
PP Defense
1 - 60% - 60% - 5:57
2 - 40% - 40% - 3:59
PK Forward
1 - 77% - 60% - 3:23
2 - 23% - 40% - 1:02
PK Defense
1 - 55% - 60% - 2:25
2 - 45% - 40% - 2:00
PK3 Forward
1 - 84% - 60% - 1:17
2 - 16% - 40% - 0:15
PK3 Defense
1 - 67% - 60% - 1:02
2 - 33% - 40% - 0:30
44 Forward
1 - 0% - 60%
2 - 0% - 40%
44 Defense
1 - 0% - 60%
2 - 0% - 40%
Last Minute Offensive  - 0:00
Last Minute Defensive  - 0:00
Total
Forward - 61:32
Defense - 61:32

% Time on Ice - Comets

Lines # - Real PCT - Wanted PCT - Time Play
Normal Forward
1 - 34% - 40% - 15:36
2 - 30% - 30% - 13:49
3 - 18% - 20% - 8:01
4 - 18% - 10% - 8:13
Normal Defense
1 - 37% - 40% - 17:01
2 - 32% - 30% - 14:45
3 - 26% - 20% - 11:46
4 - 5% - 10% - 2:07
PP Forward
1 - 60% - 60% - 2:39
2 - 40% - 40% - 1:46
PP Defense
1 - 69% - 60% - 3:04
2 - 31% - 40% - 1:21
PK Forward
1 - 72% - 60% - 7:09
2 - 28% - 40% - 2:47
PK Defense
1 - 59% - 60% - 5:52
2 - 41% - 40% - 4:04
PK3 Forward
1 - 0% - 60%
2 - 0% - 40%
PK3 Defense
1 - 0% - 60%
2 - 0% - 40%
44 Forward
1 - 82% - 60% - 1:15
2 - 18% - 40% - 0:17
44 Defense
1 - 54% - 60% - 0:50
2 - 46% - 40% - 0:42
Last Minute Offensive  - 0:00
Last Minute Defensive  - 0:00
Total
Forward - 61:32
Defense - 61:32

Play-by-Play

1st period


0:01 of 1st period - Nicolas Petan wins face-off versus Axel Holmstrom in neutral zone.
0:09 of 1st period - Snap shot by Jordan Oesterle.
0:09 of 1st period - Deflect By Brandon Hagel.
0:09 of 1st period - Goal by Brandon Hagel - Crunch : 1 - Comets : 0.
0:10 of 1st period - Connor Bunnaman wins face-off versus Jean-Sebastien Dea in neutral zone.
0:15 of 1st period - Snap shot by Maxime Comtois.
0:15 of 1st period - Stopped by Casey DeSmith without a rebound.
0:16 of 1st period - Connor Bunnaman wins face-off versus Jean-Sebastien Dea in Comets zone.
0:20 of 1st period - Icing by Phil Di Giuseppe.
0:21 of 1st period - Liam O'Brien wins face-off versus Jean-Sebastien Dea in Comets zone.
0:24 of 1st period - Snap shot by Anatoli Golyshev.
0:24 of 1st period - Shot Blocked by Curtis Lazar.
0:26 of 1st period - Snap shot by Liam O'Brien.
0:26 of 1st period - Shot Blocked by Dan Renouf.
0:28 of 1st period - Slapshot by Robert Thomas.
0:28 of 1st period - Stopped by Casey DeSmith without a rebound.
0:29 of 1st period - Tyler Graovac wins face-off versus Liam O'Brien in Comets zone.
1:51 of 1st period - Wrist shot by Anatoli Golyshev.
1:51 of 1st period - Shot Misses the Net.
2:13 of 1st period - Slapshot by Anatoli Golyshev.
2:13 of 1st period - Shot Misses the Net.
2:31 of 1st period - Slapshot by William Lockwood.
2:31 of 1st period - Deflect By Mackenzie MacEachern.
2:31 of 1st period - Shot Misses the Net.
2:31 of 1st period - Puck is out of play.
2:32 of 1st period - Nicolas Petan wins face-off versus Axel Holmstrom in Crunch zone.
2:33 of 1st period - Wrist shot by Daniel Zaar.
2:33 of 1st period - Shot Misses the Net.
2:36 of 1st period - Icing by Jordan Oesterle.
2:37 of 1st period - Nicolas Petan wins face-off versus Axel Holmstrom in Crunch zone.
2:38 of 1st period - Wrist shot by Daniel Zaar.
2:38 of 1st period - Shot Blocked by Axel Holmstrom.
3:40 of 1st period - Icing by Tyler Graovac.
3:41 of 1st period - Axel Holmstrom wins face-off versus Nicolas Petan in Comets zone.
4:06 of 1st period - Curtis Lazar is hit by Connor Bunnaman and loses puck.
4:07 of 1st period - Curtis Lazar from Comets is injured at 4:07 of 1st period (Right Knee).
4:08 of 1st period - Jean-Sebastien Dea wins face-off versus Connor Bunnaman in Comets zone.
4:19 of 1st period - Wrist shot by Phil Di Giuseppe.
4:19 of 1st period - Shot Misses the Net.
4:21 of 1st period - Slapshot by Dan Renouf.
4:21 of 1st period - Deflect By Jordan Oesterle.
4:21 of 1st period - Stopped by Louis Domingue with a rebound.
4:23 of 1st period - Slapshot by Juho Lammikko.
4:23 of 1st period - Shot Misses the Net.
4:33 of 1st period - Connor Bunnaman is hit by Ryan Lomberg.
6:23 of 1st period - Adam Ollas-Mattsson is hit by Jordan Oesterle and loses puck.
6:36 of 1st period - Juuso Riikola is hit by Jordan Oesterle and loses puck.
7:44 of 1st period - Wrist shot by Ryan Lomberg.
7:44 of 1st period - Deflect By Daniel Zaar.
7:44 of 1st period - Shot Misses the Net.
7:44 of 1st period - Puck is out of play.
7:45 of 1st period - Nicolas Petan wins face-off versus Axel Holmstrom in Crunch zone.
7:50 of 1st period - Snap shot by Daniel Zaar.
7:50 of 1st period - Stopped by Louis Domingue with a rebound.
7:52 of 1st period - Slapshot by Adam Ollas-Mattsson.
7:52 of 1st period - Shot Misses the Net.
8:04 of 1st period - Wrist shot by Jeremy Bracco.
8:04 of 1st period - Stopped by Casey DeSmith with a rebound.
8:06 of 1st period - Slapshot by Maxime Comtois.
8:06 of 1st period - Stopped by Casey DeSmith with a rebound.
8:24 of 1st period - Wrist shot by Jean-Sebastien Dea.
8:24 of 1st period - Goal by Jean-Sebastien Dea - Crunch : 1 - Comets : 1.
8:25 of 1st period - Axel Holmstrom wins face-off versus Nicolas Petan in neutral zone.
8:31 of 1st period - Slapshot by Dalton Thrower.
8:31 of 1st period - Deflect By Tom Kuhnhackl.
8:31 of 1st period - Shot Misses the Net.
8:31 of 1st period - Puck is out of play.
8:32 of 1st period - Axel Holmstrom wins face-off versus Nicolas Petan in Comets zone.
8:47 of 1st period - Slapshot by Axel Holmstrom.
8:47 of 1st period - Stopped by Casey DeSmith with a rebound.
8:58 of 1st period - Off-side.
8:59 of 1st period - Jean-Sebastien Dea wins face-off versus Maxime Comtois in neutral zone.
9:17 of 1st period - Snap shot by Jeremy Bracco.
9:17 of 1st period - Shot Misses the Net.
9:36 of 1st period - Snap shot by Jordan Oesterle.
9:36 of 1st period - Stopped by Casey DeSmith without a rebound.
9:37 of 1st period - Nicolas Petan wins face-off versus Axel Holmstrom in Comets zone.
10:05 of 1st period - Backhand shot by Juho Lammikko.
10:05 of 1st period - Shot Misses the Net.
10:30 of 1st period - Slapshot by Jordan Oesterle.
10:30 of 1st period - Stopped by Casey DeSmith without a rebound.
10:31 of 1st period - Nicolas Petan wins face-off versus Connor Bunnaman in Comets zone.
11:00 of 1st period - Slapshot by Blake Lizotte.
11:00 of 1st period - Stopped by Casey DeSmith without a rebound.
11:01 of 1st period - Blake Lizotte wins face-off versus Jean-Sebastien Dea in Comets zone.
11:07 of 1st period - Minor Penalty to Adam Ollas-Mattsson for Hooking.
11:08 of 1st period - Daniel Zaar wins face-off versus Axel Holmstrom in Comets zone.
11:46 of 1st period - Snap shot by Maxime Comtois.
11:46 of 1st period - Shot Misses the Net.
11:48 of 1st period - Slapshot by Sean Walker.
11:48 of 1st period - Shot Misses the Net.
11:50 of 1st period - Slapshot by Ryan Lindgren.
11:50 of 1st period - Deflect By Maxime Comtois.
11:50 of 1st period - Stopped by Casey DeSmith without a rebound.
11:51 of 1st period - Brandon Hagel wins face-off versus Daniel Zaar in Comets zone.
11:56 of 1st period - Snap shot by Axel Holmstrom.
11:56 of 1st period - Stopped by Casey DeSmith without a rebound.
11:57 of 1st period - Axel Holmstrom wins face-off versus Daniel Zaar in Comets zone.
11:58 of 1st period - Snap shot by Brandon Hagel.
11:58 of 1st period - Shot Blocked by Dan Renouf.
12:41 of 1st period - Nicolas Petan is hit by Axel Holmstrom and loses puck.
12:48 of 1st period - Tom Kuhnhackl is hit by Mackenzie MacEachern and loses puck.
12:56 of 1st period - Icing by Brandon Hagel.
12:57 of 1st period - Daniel Zaar wins face-off versus Axel Holmstrom in Crunch zone.
13:06 of 1st period - Dalton Thrower is hit by Ryan Lomberg and loses puck.
13:07 of 1st period - Penalty to Adam Ollas-Mattsson is over, Adam Ollas-Mattsson is back on ice.
13:17 of 1st period - Scott Harrington is hit by Tom Kuhnhackl and loses puck.
13:54 of 1st period - Wrist shot by Brandon Hagel.
13:54 of 1st period - Stopped by Casey DeSmith with a rebound.
13:56 of 1st period - Wrist shot by Axel Holmstrom.
13:56 of 1st period - Shot Blocked by Juuso Riikola.
13:58 of 1st period - Slapshot by Jordan Oesterle.
13:58 of 1st period - Deflect By Adam Ollas-Mattsson.
13:58 of 1st period - Stopped by Casey DeSmith with a rebound.
14:00 of 1st period - Slapshot by Jordan Oesterle.
14:00 of 1st period - Stopped by Casey DeSmith with a rebound.
14:02 of 1st period - Snap shot by Axel Holmstrom.
14:02 of 1st period - Shot Misses the Net.
14:20 of 1st period - Snap shot by Brandon Hagel.
14:20 of 1st period - Shot Misses the Net.
14:22 of 1st period - Slapshot by Dalton Thrower.
14:22 of 1st period - Shot Misses the Net.
14:24 of 1st period - Snap shot by Tom Kuhnhackl.
14:24 of 1st period - Stopped by Casey DeSmith without a rebound.
14:25 of 1st period - Connor Bunnaman wins face-off versus Jean-Sebastien Dea in Comets zone.
15:18 of 1st period - Wrist shot by Mackenzie MacEachern.
15:18 of 1st period - Stopped by Louis Domingue with a rebound.
15:50 of 1st period - Dan Renouf is hit by Ty Dellandrea and loses puck.
16:55 of 1st period - Connor Bunnaman is hit by Tyler Graovac and loses puck.
17:46 of 1st period - Ty Dellandrea is hit by William Lockwood and loses puck.
18:29 of 1st period - Robert Thomas is hit by Ryan Lomberg and loses puck.
18:55 of 1st period - Icing by Guillaume Brisebois.
18:56 of 1st period - Jean-Sebastien Dea wins face-off versus Axel Holmstrom in Comets zone.
19:28 of 1st period - Snap shot by Jeremy Bracco.
19:28 of 1st period - Stopped by Casey DeSmith without a rebound.
19:29 of 1st period - Connor Bunnaman wins face-off versus Lane Pederson in Comets zone.
Goals for this period are 1 for Crunch vs 1 for Comets.
Shots for this period are 16 for Crunch vs 4 for Comets.

2nd period


0:01 of 2nd period - Axel Holmstrom wins face-off versus Ryan Lomberg in neutral zone.
0:30 of 2nd period - Wrist shot by Juho Lammikko.
0:30 of 2nd period - Stopped by Louis Domingue with a rebound.
0:32 of 2nd period - Slapshot by Adam Ollas-Mattsson.
0:32 of 2nd period - Deflect By Jordan Oesterle.
0:32 of 2nd period - Stopped by Louis Domingue with a rebound.
0:36 of 2nd period - Snap shot by Phil Di Giuseppe.
0:36 of 2nd period - Stopped by Louis Domingue without a rebound.
0:37 of 2nd period - Axel Holmstrom wins face-off versus Tyler Graovac in Crunch zone.
2:08 of 2nd period - Slapshot by Axel Holmstrom.
2:08 of 2nd period - Shot Misses the Net.
3:34 of 2nd period - Icing by Scott Perunovich.
3:35 of 2nd period - Liam O'Brien wins face-off versus Nicolas Petan in Crunch zone.
4:16 of 2nd period - Adam Ollas-Mattsson is hit by Dalton Thrower and loses puck.
4:41 of 2nd period - Snap shot by Nicolas Petan.
4:41 of 2nd period - Goal by Nicolas Petan - Crunch : 1 - Comets : 2.
4:42 of 2nd period - Axel Holmstrom wins face-off versus Jean-Sebastien Dea in neutral zone.
4:55 of 2nd period - Backhand shot by Brandon Hagel.
4:55 of 2nd period - Stopped by Casey DeSmith without a rebound.
4:56 of 2nd period - Tyler Graovac wins face-off versus Axel Holmstrom in Comets zone.
5:07 of 2nd period - Juuso Riikola is hit by Brandon Hagel and loses puck.
6:05 of 2nd period - Off-side.
6:06 of 2nd period - Blake Lizotte wins face-off versus Lane Pederson in neutral zone.
6:11 of 2nd period - Wrist shot by Blake Lizotte.
6:11 of 2nd period - Stopped by Casey DeSmith with a rebound.
6:18 of 2nd period - Off-side.
6:19 of 2nd period - Nicolas Petan wins face-off versus Axel Holmstrom in neutral zone.
6:22 of 2nd period - Backhand shot by Dan Renouf.
6:22 of 2nd period - Deflect By Nicolas Petan.
6:22 of 2nd period - Stopped by Louis Domingue without a rebound.
6:23 of 2nd period - Axel Holmstrom wins face-off versus Nicolas Petan in Crunch zone.
6:38 of 2nd period - Snap shot by Daniel Zaar.
6:38 of 2nd period - Shot Misses the Net.
7:29 of 2nd period - Icing by Juuso Riikola.
7:30 of 2nd period - Nicolas Petan wins face-off versus Blake Lizotte in Comets zone.
7:57 of 2nd period - Scott Harrington is hit by Sean Walker and loses puck.
8:02 of 2nd period - Wrist shot by Tom Kuhnhackl.
8:02 of 2nd period - Shot Misses the Net.
8:18 of 2nd period - Wrist shot by Anatoli Golyshev.
8:18 of 2nd period - Stopped by Casey DeSmith without a rebound.
8:18 of 2nd period - Double Minor Penalty to Casey DeSmith for Slashing.
8:19 of 2nd period - Daniel Zaar wins face-off versus Axel Holmstrom in Comets zone.
10:15 of 2nd period - Ryan Lindgren is hit by Juuso Riikola.
10:33 of 2nd period - Slapshot by Jordan Oesterle.
10:33 of 2nd period - Shot Misses the Net.
11:49 of 2nd period - Gustav Lindstrom is hit by Daniel Zaar and loses puck.
12:10 of 2nd period - Lane Pederson is hit by Sean Walker and loses puck.
12:18 of 2nd period - Penalty to Juho Lammikko is over, Juho Lammikko is back on ice.
12:25 of 2nd period - Snap shot by Phil Di Giuseppe.
12:25 of 2nd period - Deflect By Juho Lammikko.
12:25 of 2nd period - Shot Misses the Net.
12:25 of 2nd period - Puck is out of play.
12:26 of 2nd period - Jean-Sebastien Dea wins face-off versus Brandon Biro in Crunch zone.
12:53 of 2nd period - Liam O'Brien is hit by Juho Lammikko.
13:15 of 2nd period - Snap shot by Jean-Sebastien Dea.
13:15 of 2nd period - Stopped by Louis Domingue with a rebound.
13:33 of 2nd period - Daniil Miromanov is hit by Brandon Hagel and loses puck.
14:19 of 2nd period - Wrist shot by Maxime Comtois.
14:19 of 2nd period - Stopped by Casey DeSmith without a rebound.
14:20 of 2nd period - Nicolas Petan wins face-off versus Connor Bunnaman in Comets zone.
14:45 of 2nd period - Juho Lammikko is hit by Ryan Lindgren and loses puck.
14:52 of 2nd period - Snap shot by Brandon Hagel.
14:52 of 2nd period - Shot Blocked by Jean-Sebastien Dea.
14:54 of 2nd period - Wrist shot by Axel Holmstrom.
14:54 of 2nd period - Deflect By Tom Kuhnhackl.
14:54 of 2nd period - Goal by Tom Kuhnhackl - Crunch : 2 - Comets : 2.
14:55 of 2nd period - Nicolas Petan wins face-off versus Axel Holmstrom in neutral zone.
15:44 of 2nd period - Off-side.
15:45 of 2nd period - Liam O'Brien wins face-off versus Lane Pederson in neutral zone.
16:01 of 2nd period - Wrist shot by Robert Thomas.
16:01 of 2nd period - Deflect By Anatoli Golyshev.
16:01 of 2nd period - Shot Blocked by Scott Harrington.
16:01 of 2nd period - Puck is out of play.
16:02 of 2nd period - Axel Holmstrom wins face-off versus Ryan Lomberg in Comets zone.
16:23 of 2nd period - Minor Penalty to Ryan Lomberg for Hooking.
16:24 of 2nd period - Axel Holmstrom wins face-off versus Daniel Zaar in Comets zone.
16:35 of 2nd period - Slapshot by Axel Holmstrom.
16:35 of 2nd period - Shot Misses the Net.
16:37 of 2nd period - Snap shot by Brandon Hagel.
16:37 of 2nd period - Stopped by Casey DeSmith with a rebound.
16:39 of 2nd period - Snap shot by Brandon Hagel.
16:39 of 2nd period - Shot Misses the Net.
18:23 of 2nd period - Penalty to Ryan Lomberg is over, Ryan Lomberg is back on ice.
18:50 of 2nd period - Phil Di Giuseppe is hit by Brandon Biro and loses puck.
19:05 of 2nd period - Daniil Miromanov is hit by Scott Perunovich and loses puck.
19:20 of 2nd period - Slapshot by Robert Thomas.
19:20 of 2nd period - Stopped by Casey DeSmith with a rebound.
Goals for this period are 1 for Crunch vs 1 for Comets.
Shots for this period are 7 for Crunch vs 6 for Comets.

3rd period


0:01 of 3rd period - Axel Holmstrom wins face-off versus Nicolas Petan in neutral zone.
0:06 of 3rd period - Backhand shot by Brandon Hagel.
0:06 of 3rd period - Stopped by Casey DeSmith without a rebound.
0:07 of 3rd period - Nicolas Petan wins face-off versus Axel Holmstrom in Comets zone.
0:17 of 3rd period - Snap shot by Tom Kuhnhackl.
0:17 of 3rd period - Deflect By Axel Holmstrom.
0:17 of 3rd period - Stopped by Casey DeSmith without a rebound.
0:18 of 3rd period - Axel Holmstrom wins face-off versus Nicolas Petan in Comets zone.
0:23 of 3rd period - Wrist shot by Brandon Hagel.
0:23 of 3rd period - Shot Misses the Net.
0:33 of 3rd period - Backhand shot by Daniel Zaar.
0:33 of 3rd period - Stopped by Louis Domingue with a rebound.
0:43 of 3rd period - Dalton Thrower is hit by Juuso Riikola and loses puck.
0:50 of 3rd period - Slapshot by Jordan Oesterle.
0:50 of 3rd period - Shot Blocked by Phil Di Giuseppe.
1:36 of 3rd period - Snap shot by Blake Lizotte.
1:36 of 3rd period - Stopped by Casey DeSmith without a rebound.
1:37 of 3rd period - Jean-Sebastien Dea wins face-off versus Axel Holmstrom in Comets zone.
1:42 of 3rd period - Wrist shot by Phil Di Giuseppe.
1:42 of 3rd period - Stopped by Louis Domingue without a rebound.
1:43 of 3rd period - Juho Lammikko wins face-off versus Axel Holmstrom in Crunch zone.
1:46 of 3rd period - Snap shot by Juho Lammikko.
1:46 of 3rd period - Shot Misses the Net.
2:12 of 3rd period - Slapshot by Adam Ollas-Mattsson.
2:12 of 3rd period - Deflect By Tom Kuhnhackl.
2:12 of 3rd period - Stopped by Louis Domingue with a rebound.
2:14 of 3rd period - Snap shot by Mackenzie MacEachern.
2:14 of 3rd period - Stopped by Louis Domingue without a rebound.
2:15 of 3rd period - Lane Pederson wins face-off versus Connor Bunnaman in Crunch zone.
2:35 of 3rd period - Off-side.
2:36 of 3rd period - Liam O'Brien wins face-off versus Nicolas Petan in neutral zone.
2:51 of 3rd period - Snap shot by Anatoli Golyshev.
2:51 of 3rd period - Stopped by Casey DeSmith without a rebound.
2:52 of 3rd period - Tyler Graovac wins face-off versus Axel Holmstrom in Comets zone.
3:17 of 3rd period - Juuso Riikola is hit by Jeremy Bracco and loses puck.
3:43 of 3rd period - Phil Di Giuseppe is hit by Sean Walker and loses puck.
4:31 of 3rd period - Minor Penalty to Jordan Oesterle for Hooking.
4:32 of 3rd period - Nicolas Petan wins face-off versus Brandon Hagel in Crunch zone.
4:37 of 3rd period - Wrist shot by Daniel Zaar.
4:37 of 3rd period - Shot Misses the Net.
4:39 of 3rd period - Snap shot by Daniel Zaar.
4:39 of 3rd period - Shot Misses the Net.
4:41 of 3rd period - Slapshot by Daniel Zaar.
4:41 of 3rd period - Shot Misses the Net.
4:43 of 3rd period - Snap shot by Ryan Lomberg.
4:43 of 3rd period - Stopped by Louis Domingue with a rebound.
5:43 of 3rd period - Slapshot by Maxime Comtois.
5:43 of 3rd period - Shot Blocked by Nicolas Petan.
5:45 of 3rd period - Slapshot by Sean Walker.
5:45 of 3rd period - Stopped by Casey DeSmith without a rebound.
5:46 of 3rd period - Nicolas Petan wins face-off versus Maxime Comtois in Comets zone.
6:21 of 3rd period - Wrist shot by Jeremy Bracco.
6:21 of 3rd period - Stopped by Casey DeSmith with a rebound.
6:27 of 3rd period - Jeremy Bracco is hit by Daniel Zaar and loses puck.
6:31 of 3rd period - Penalty to Jordan Oesterle is over, Jordan Oesterle is back on ice.
7:03 of 3rd period - Snap shot by Juho Lammikko.
7:03 of 3rd period - Stopped by Louis Domingue without a rebound.
7:04 of 3rd period - Phil Di Giuseppe wins face-off versus Connor Bunnaman in Crunch zone.
7:29 of 3rd period - Scott Perunovich is hit by Lane Pederson and loses puck.
8:40 of 3rd period - Snap shot by Tom Kuhnhackl.
8:40 of 3rd period - Stopped by Casey DeSmith with a rebound.
8:54 of 3rd period - Off-side.
8:55 of 3rd period - Nicolas Petan wins face-off versus Liam O'Brien in neutral zone.
8:57 of 3rd period - Scott Harrington is hit by Jordan Oesterle and loses puck.
9:22 of 3rd period - Jordan Oesterle is hit by Trevor Moore and loses puck.
9:31 of 3rd period - Tyler Graovac is hit by Gustav Lindstrom and loses puck.
9:54 of 3rd period - Snap shot by Maxime Comtois.
9:54 of 3rd period - Stopped by Casey DeSmith without a rebound.
9:55 of 3rd period - Connor Bunnaman wins face-off versus Nicolas Petan in Comets zone.
9:56 of 3rd period - Snap shot by Maxime Comtois.
9:56 of 3rd period - Shot Blocked by Nicolas Petan.
10:00 of 3rd period - Slapshot by Jeremy Bracco.
10:00 of 3rd period - Stopped by Casey DeSmith with a rebound.
10:38 of 3rd period - Slapshot by Nicolas Petan.
10:38 of 3rd period - Stopped by Louis Domingue with a rebound.
10:40 of 3rd period - Wrist shot by Ryan Lomberg.
10:40 of 3rd period - Stopped by Louis Domingue with a rebound.
10:42 of 3rd period - Snap shot by Daniel Zaar.
10:42 of 3rd period - Shot Blocked by Sean Walker.
10:44 of 3rd period - Wrist shot by Daniel Zaar.
10:44 of 3rd period - Shot Blocked by Ryan Lindgren.
10:46 of 3rd period - Wrist shot by Nicolas Petan.
10:46 of 3rd period - Stopped by Louis Domingue with a rebound.
10:48 of 3rd period - Slapshot by Adam Ollas-Mattsson.
10:48 of 3rd period - Shot Misses the Net.
10:50 of 3rd period - Wrist shot by Ryan Lomberg.
10:50 of 3rd period - Stopped by Louis Domingue with a rebound.
10:52 of 3rd period - Snap shot by Daniel Zaar.
10:52 of 3rd period - Shot Blocked by Ryan Lindgren.
10:54 of 3rd period - Slapshot by Ryan Lomberg.
10:54 of 3rd period - Stopped by Louis Domingue with a rebound.
11:04 of 3rd period - Slapshot by Nicolas Petan.
11:04 of 3rd period - Shot Misses the Net.
11:06 of 3rd period - Backhand shot by Nicolas Petan.
11:06 of 3rd period - Deflect By Daniel Zaar.
11:06 of 3rd period - Goal by Daniel Zaar - Crunch : 2 - Comets : 3.
11:07 of 3rd period - Axel Holmstrom wins face-off versus Jean-Sebastien Dea in neutral zone.
11:11 of 3rd period - Minor Penalty to Juho Lammikko for Hooking.
11:12 of 3rd period - Axel Holmstrom wins face-off versus Daniel Zaar in Comets zone.
11:15 of 3rd period - Snap shot by Axel Holmstrom.
11:15 of 3rd period - Stopped by Casey DeSmith with a rebound.
11:44 of 3rd period - Snap shot by Mackenzie MacEachern.
11:44 of 3rd period - Stopped by Louis Domingue without a rebound.
11:45 of 3rd period - Axel Holmstrom wins face-off versus Daniel Zaar in Crunch zone.
13:11 of 3rd period - Penalty to Juho Lammikko is over, Juho Lammikko is back on ice.
13:26 of 3rd period - Juho Lammikko is hit by Robert Thomas and loses puck.
13:33 of 3rd period - Ryan Lindgren is hit by Tyler Graovac and loses puck.
14:29 of 3rd period - Wrist shot by Juho Lammikko.
14:29 of 3rd period - Shot Blocked by Gustav Lindstrom.
14:32 of 3rd period - Icing by Brandon Hagel.
14:33 of 3rd period - Axel Holmstrom wins face-off versus Trevor Moore in Crunch zone.
15:10 of 3rd period - Anatoli Golyshev is hit by Daniel Zaar and loses puck.
15:40 of 3rd period - William Lockwood is hit by Ty Dellandrea and loses puck.
15:55 of 3rd period - Slapshot by Juho Lammikko.
15:55 of 3rd period - Stopped by Louis Domingue without a rebound.
15:56 of 3rd period - Axel Holmstrom wins face-off versus Jean-Sebastien Dea in Crunch zone.
15:58 of 3rd period - Minor Penalty to Axel Holmstrom for Cross-checking.
15:59 of 3rd period - Nicolas Petan wins face-off versus Brandon Hagel in Crunch zone.
17:49 of 3rd period - Icing by Juuso Riikola.
17:50 of 3rd period - Ryan Lomberg wins face-off versus Jeremy Bracco in Comets zone.
17:50 of 3rd period - Ryan Lomberg is hit by Jeremy Bracco.
17:58 of 3rd period - Penalty to Axel Holmstrom is over, Axel Holmstrom is back on ice.
18:38 of 3rd period - Snap shot by Jeremy Bracco.
18:38 of 3rd period - Goal by Jeremy Bracco - Crunch : 3 - Comets : 3.
18:39 of 3rd period - Tyler Graovac wins face-off versus Axel Holmstrom in neutral zone.
18:50 of 3rd period - Snap shot by Trevor Moore.
18:50 of 3rd period - Shot Misses the Net.
19:19 of 3rd period - Icing by Juuso Riikola.
19:20 of 3rd period - Nicolas Petan wins face-off versus Axel Holmstrom in Comets zone.
19:32 of 3rd period - Minor Penalty to Axel Holmstrom for Hooking.
19:33 of 3rd period - Nicolas Petan wins face-off versus Brandon Hagel in Crunch zone.
19:45 of 3rd period - Wrist shot by Juuso Riikola.
19:45 of 3rd period - Shot Misses the Net.
19:57 of 3rd period - Brandon Hagel is hit by Nicolas Petan and loses puck.
Goals for this period are 1 for Crunch vs 1 for Comets.
Shots for this period are 11 for Crunch vs 14 for Comets.

Overtime #1


0:01 of 1st overtime period - Daniel Zaar wins face-off versus Brandon Hagel in neutral zone.
0:04 of 1st overtime period - Snap shot by Scott Harrington.
0:04 of 1st overtime period - Stopped by Louis Domingue with a rebound.
0:14 of 1st overtime period - Snap shot by Ryan Lomberg.
0:14 of 1st overtime period - Stopped by Louis Domingue without a rebound.
0:15 of 1st overtime period - Daniel Zaar wins face-off versus Brandon Hagel in Crunch zone.
0:18 of 1st overtime period - Snap shot by Daniel Zaar.
0:18 of 1st overtime period - Stopped by Louis Domingue with a rebound.
1:30 of 1st overtime period - Snap shot by Trevor Moore.
1:30 of 1st overtime period - Shot Misses the Net.
1:32 of 1st overtime period - Penalty to Axel Holmstrom is over, Axel Holmstrom is back on ice.
2:04 of 1st overtime period - Tom Kuhnhackl is hit by Scott Harrington and loses puck.
2:11 of 1st overtime period - Wrist shot by Phil Di Giuseppe.
2:11 of 1st overtime period - Stopped by Louis Domingue with a rebound.
2:20 of 1st overtime period - Icing by Juuso Riikola.
2:21 of 1st overtime period - Phil Di Giuseppe wins face-off versus Brandon Hagel in Comets zone.
2:36 of 1st overtime period - Snap shot by Ryan Lomberg.
2:36 of 1st overtime period - Goal by Ryan Lomberg - Crunch : 3 - Comets : 4.
Goals for this period are 0 for Crunch vs 1 for Comets.
Shots for this period are 0 for Crunch vs 5 for Comets.